 Dungeon Crawl Stone Soup version 0.21.1-1-g345015f (webtiles) character file.

135 Eggbaby the Stinger (level 5, -2/31 HPs)
             Began as an Octopode Venom Mage on June 16, 2018.
             Slain by a bullfrog skeleton (6 damage)
             ... on level 4 of the Dungeon.
             The game lasted 00:11:51 (1967 turns).

Eggbaby the Stinger (Octopode Venom Mage)           Turns: 1967, Time: 00:11:52

Health: -2/31      AC:  1    Str:  7    XL:     5   Next: 18%
Magic:  4/8        EV: 19    Int: 17    God:
Gold:   173        SH:  0    Dex: 19    Spells: 3/8 levels left

rFire    . . .     SeeInvis .   e - +0 dagger
rCold    . . .     Gourm    .   (no shield)
rNeg     . . .     Faith    .   (helmet restricted)
rPois    .         Spirit   .   (no amulet)
rElec    .         Reflect  .   (no ring)
rCorr    .         Harm     .   (no ring)
MR       .....                  (no ring)
Stlth    +++++.....             (no ring)
HPRegen  0.10/turn              (no ring)
MPRegen  0.11/turn              (no ring)
                                (no ring)
                                (no ring)

@: agile
A: almost no armour, stealthy swim, amphibious, 8 rings, constrict 8, camouflage
1, gelatinous body 1
a: no special abilities


You were on level 4 of the Dungeon.
You were not hungry.

You visited 1 branch of the dungeon, and saw 4 of its levels.

You collected 173 gold pieces.

Inventory:

Hand Weapons
 e - a +0 dagger (weapon)
Missiles
 g - 3 tomahawks (quivered)
 k - 7 curare-tipped needles
Armour
 o - a +0 shield
Scrolls
 b - a scroll of enchant weapon
 c - 4 scrolls of remove curse
 j - a scroll of fog
 m - a scroll of teleportation
 p - a scroll of immolation
Potions
 d - a potion of agility
 h - a potion of haste
 i - a potion of might {unknown}
 l - a potion of heal wounds {unknown}
Books
 a - a Young Poisoner's Handbook

   Spells                             Type                      Level
   a - Sting                          Conjuration/Poison           1
   b - Poisonous Vapours              Poison/Air                   2
   c - Mephitic Cloud                 Conjuration/Poison/Air       3
   d - Olgreb's Toxic Radiance        Poison                       4
   e - Venom Bolt                     Conjuration/Poison           5


   Skills:
 - Level 1.0 Short Blades
 - Level 2.0 Dodging
 - Level 3.1 Stealth
 - Level 2.0 Spellcasting
 - Level 1.0 Conjurations
 * Level 6.5 Poison Magic


You had 3 spell levels left.
You knew the following spells:

 Your Spells              Type           Power        Failure   Level  Hunger
a - Sting                 Conj/Pois      ##..         4%          1    #......
b - Olgreb's Toxic Radia  Pois           ###.....     13%         4    #####..


Dungeon Overview and Level Annotations

Branches:
Dungeon (4/15)
 Temple: D:4-7

Altars:
Hepliaklqana
Xom

Annotations:
D:3 hehe's ghost, amateur DrFE


Innate Abilities, Weirdness & Mutations

You cannot wear most types of armour.
You are very stealthy in the water. (Stealth+)
You are amphibious.
You can wear up to eight rings at the same time.
You can use your tentacles to constrict eight enemies at once.
Your skin changes colour to match your surroundings (Stealth+).
Your rubbery body absorbs attacks. (AC +1, EV +1)


Message History

You hit the bullfrog skeleton.
The bullfrog skeleton is moderately damaged.
You constrict the bullfrog skeleton. The bullfrog skeleton hits you.
You hit the bullfrog skeleton but do no damage.
You squeeze the bullfrog skeleton.
The bullfrog skeleton is heavily damaged.
You constrict the bullfrog skeleton.
The bullfrog skeleton closely misses you.
The bullfrog skeleton hits you.
You hit the bullfrog skeleton.
The bullfrog skeleton is severely damaged.
You constrict the bullfrog skeleton. The bullfrog skeleton hits you.
* * * LOW HITPOINT WARNING * * *
You feel agile all of a sudden.
You constrict the bullfrog skeleton. The bullfrog skeleton misses you.
You hit the bullfrog skeleton.
The bullfrog skeleton is almost destroyed.
You constrict the bullfrog skeleton. The bullfrog skeleton misses you.
The bullfrog skeleton hits you.
You die...

#.###.####.._.
#.###.## #.
#..##..#
##.###.# #.#
#.# #.# #.# #.#
#.# #.# #.# #@#
#.#
#######Z###.##.
#≈≈≈≈≈....Z....
≈≈...≈≈.<....##
≈.§...≈...##.#
≈..§..≈...# #
≈.§§§.≈.##.
)≈...≈≈.# ..
#≈≈≈≈≈..# ...


You could see a bullfrog skeleton.

Vanquished Creatures
  An orc priest (D:4)
  4 adders
  3 oozes
  An adder skeleton (D:4)
  3 worms (D:2)
  A dart slug (D:1)
  2 leopard geckos (D:2)
  3 giant cockroaches
  5 goblins
  4 hobgoblins
  3 jackals (D:3)
  8 bats
  4 kobolds (D:1)
  5 rats
47 creatures vanquished.

Vanquished Creatures (others)
  An ogre (D:4)
1 creature vanquished.

Grand Total: 48 creatures vanquished

Notes
Turn   | Place    | Note
-------+----------+-------------------------------------------
     0 | D:1      | Eggbaby the Octopode Venom Mage began the quest for the Orb.
     0 | D:1      | Reached XP level 1. HP: 11/11 MP: 3/3
    81 | D:1      | Reached skill level 4 in Poison Magic
    92 | D:1      | Reached XP level 2. HP: 13/17 MP: 5/5
   680 | D:1      | You fall through a shaft!
   687 | D:2      | Reached skill level 1 in Short Blades
   687 | D:2      | Reached XP level 3. HP: 17/21 MP: 6/6
  1301 | D:2      | Reached skill level 5 in Poison Magic
  1564 | D:2      | Reached XP level 4. HP: 27/27 MP: 7/7
  1570 | D:2      | Learned a level 4 spell: Olgreb's Toxic Radiance
  1617 | D:2      | Got a sparkling copper ring
  1625 | D:2      | Identified the ring "Ynuneel" {*Tele MR++ Dex+5 Slay-5} (You found it on level 2 of the Dungeon)
  1808 | D:3      | Reached skill level 6 in Poison Magic
  1887 | D:3      | Noticed hehe's ghost (amateur DrFE)
  1914 | D:4      | Killed an ogre
  1925 | D:4      | Found a hazy altar of Hepliaklqana.
  1947 | D:4      | Found a shimmering altar of Xom.
  1958 | D:4      | Reached XP level 5. HP: 21/31 MP: 3/8
  1967 | D:4      | Slain by a bullfrog skeleton

Skill      XL: |  1  2  3  4 |
---------------+-------------+-----
Poison Magic   | 4 5 6 |  6.5
Stealth        | 3 |  3.1
Short Blades   | 1 |  1.0
Dodging        | |  2.0
Spellcasting   | |  2.0
Conjurations   | |  1.0

Action                   |  1- 3 |  4- 6 || total
-------------------------+-------+-------++-------
Melee: Unarmed           |    54 |       ||    54
       Constrict         |    24 |    12 ||    36
       Tentacles         |    13 |    11 ||    24
       Dagger            |    32 |    48 ||    80
 Cast: Sting             |    11 |       ||    11
       Olgreb's Toxic Ra |       |     2 ||     2
  Use: Scroll            |     4 |     3 ||     7
       Potion            |       |     1 ||     1
 Stab: Sleeping          |     6 |     6 ||    12
  Eat: Ration            |     1 |     1 ||     2
Armor: Skin              |    21 |     1 ||    22
Dodge: Dodged            |    74 |    31 ||   105
